 Dungeon Crawl Stone Soup version 0.20-a0-967-g62cfa5d (webtiles) character file.

88 AlphabetPasta the Vexing (level 4, -6/33 HPs)
             Began as a Barachi Arcane Marksman on Apr 7, 2017.
             Mangled by Sigmund
             ... wielding a +0 scythe
              (9 damage)
             ... on level 2 of the Dungeon.
             The game lasted 00:05:33 (1559 turns).

AlphabetPasta the Vexing (Barachi Arcane Marksman)  Turns: 1559, Time: 00:05:34

Health: -6/33      AC:  2    Str: 12    XL:     4   Next: 53%
Magic:  7/7        EV: 12    Int: 14    God:
Gold:   105        SH:  0    Dex: 12    Spells: 1/7 levels left

rFire    . . .     SeeInvis .   a - +0 mace
rCold    . . .     Gourm    .   (no shield)
rNeg     . . .     Faith    .   e - +0 robe
rPois    .         Spirit   .   (no helmet)
rElec    .         Reflect  .   (no cloak)
rCorr    .         Harm     .   (no gloves)
MR       .....                  (no boots)
Stlth    +.........             (no amulet)
Regen    0.2/turn               (no ring)
MPRegen  0.1/turn               (no ring)

@: hasted, quick
A: +LOS, swims, slowness 1, strong legs 1
a: Hop


You were on level 2 of the Dungeon.
You were hungry.

You visited 1 branch of the dungeon, and saw 2 of its levels.

You collected 105 gold pieces.

Inventory:

Hand Weapons
 a - a +0 mace (weapon)
 b - a +0 hand crossbow
Armour
 e - a +0 robe (worn)
Jewellery
 k - an uncursed ring of resist corrosion {unknown}
Scrolls
 g - 3 scrolls of teleportation {unknown}
Potions
 h - a potion of heal wounds {unknown}
 n - a potion of ambrosia {unknown}
Books
 c - a book of Debilitation

   Spells                             Type                      Level
   a - Corona                         Hexes                        1
   b - Slow                           Hexes                        2
   c - Inner Flame                    Hexes/Fire                   3
   d - Portal Projectile              Hexes/Translocation          3
   e - Cause Fear                     Hexes                        4
   f - Leda's Liquefaction            Hexes/Earth                  4
Comestibles
 f - 2 bread rations
 i - a royal jelly
 j - a meat ration
 l - 2 chunks of flesh


   Skills:
 + Level 2.3 Fighting
 * Level 2.7 Crossbows
 + Level 1.2 Armour
 + Level 2.3 Dodging
 + Level 2.0 Spellcasting
 * Level 4.0 Hexes


You had one spell level left.
You knew the following spells:

 Your Spells              Type           Power        Failure   Level  Hunger
a - Corona                Hex            ##.....      4%          1    ##.....
b - Slow                  Hex            ##......     10%         2    ###....
c - Portal Projectile     Hex/Tloc       #.....       30%         3    ####...


Dungeon Overview and Level Annotations

Branches:
Dungeon (2/15)

Altars:
Hepliaklqana
Makhleb

Annotations:
D:2 Sigmund


Innate Abilities, Weirdness & Mutations

Shadows flee at your approach. (+LOS)
You can swim through water.
You cover ground slowly.
You can hop short distances.


Message History

You shoot a bolt.
Firing (i - inventory):
d - a bolt (quivered)
Press: ? - help, Shift-Dir - straight line You shoot a bolt.
The bat hits you. Something hits you but does no damage.
Firing (i - inventory): No suitable missiles.
Press: ? - help, Shift-Dir - straight line, f - bat
Aim: a bat
Okay, then.
Wield which item (- for none, * to show all)? (? for menu, Esc to quit)
a - a +0 mace (weapon)
The bat closely misses you.
You are feeling hungry.
You miss the bat. The bat closely misses you.
You hear a zap.
A puff of flame appears from out of thin air!
The puff of flame hits you!
* * * LOW HITPOINT WARNING * * *
A leopard gecko comes into view.
The bat misses you. Something hits you!
You die...

#####.######.#######
#.#....#.# #.#.##.#.#
#####.#......#
#.....#.÷#.###
#÷###.#..#.# .#
#.#####..#.##########...#
..##..##.#..............l
.....###.#####..@..##.#.
...._∩##.# +..b{..#
.....###.# #).....#
###...##.# ######(#
######## .# #


You could see a leopard gecko (sleeping) and a bat.

Vanquished Creatures
  A hound (D:2)
  Natasha (D:2)
  An adder (D:2)
  A worm (D:2)
  A leopard gecko (D:1)
  A giant cockroach (D:1)
  2 goblins (D:1)
  3 hobgoblins
  3 ball pythons
  2 bats (D:2)
  A frilled lizard (D:2)
  4 kobolds
  4 rats
25 creatures vanquished.

Notes
Turn   | Place    | Note
-------+----------+-------------------------------------------
     0 | D:1      | AlphabetPasta the Barachi Arcane Marksman began the quest for the Orb.
     0 | D:1      | Reached XP level 1. HP: 15/15 MP: 2/2
   453 | D:1      | Reached XP level 2. HP: 21/21 MP: 3/3
   457 | D:1      | Learned a level 2 spell: Slow
  1195 | D:2      | Reached XP level 3. HP: 27/27 MP: 5/5
  1307 | D:2      | Noticed Natasha
  1313 | D:2      | Killed Natasha
  1313 | D:2      | Reached XP level 4. HP: 16/33 MP: 6/6
  1315 | D:2      | Reached skill level 1 in Armour
  1315 | D:2      | Reached skill level 4 in Hexes
  1493 | D:2      | Learned a level 3 spell: Portal Projectile
  1496 | D:2      | Found a burning altar of Makhleb.
  1535 | D:2      | Found a hazy altar of Hepliaklqana.
  1540 | D:2      | Noticed Sigmund
  1559 | D:2      | Mangled by Sigmund

Vault maps used:
D:1:      dpeg_arrival_houses_and_road
D:2:      overflow_temple_1_default, first_bread, makhleb_heckhound_becter,
          uniq_sigmund, uniq_natasha

Skill      XL: |  1  2  3  4 |
---------------+-------------+-----
Fighting       | 2 |  2.3
Armour         | 1 |  1.2
Spellcasting   | 2 |  2.0
Hexes          | 4 |  4.0
Crossbows      | |  2.7
Dodging        | |  2.3

Action                   |  1- 3 |  4- 6 || total
-------------------------+-------+-------++-------
Melee: Hand crossbow     |     9 |       ||     9
       Mace              |     1 |     4 ||     5
 Fire: Hand crossbow     |    54 |    16 ||    70
  Use: Scroll            |     1 |       ||     1
       Potion            |       |     1 ||     1
  Eat: Chunk             |     2 |       ||     2
Armor: Robe              |     9 |     1 ||    10
Dodge: Dodged            |    25 |    13 ||    38
